 Dungeon Crawl Stone Soup version 0.29-a0-234-g0dae59b3db (webtiles) character file.

Game seed: 12357928848426169391

662 tsouns the Quickloader (level 7, -9/58 HPs)
             Began as a Deep Dwarf Hunter on Mar 4, 2022.
             Was an Initiate of Gozag.
             Mangled by an ogre
             ... wielding a +0 giant club
              (11 damage)
             ... on level 4 of the Dungeon.
             The game lasted 00:08:49 (2818 turns).

tsouns the Quickloader (Deep Dwarf Hunter)          Turns: 2818, Time: 00:08:50

Health: -9/58      AC:  8    Str: 15 (16) XL:     7   Next: 30%
Magic:  7/7        EV: 12    Int: 13      God:    Gozag
Gold:   136        SH:  0    Dex: 12 (13) Spells: 6/6 levels left

rFire   . . .      SeeInvis .   a - +1 hand crossbow
rCold   . . .      Faith    .   (no shield)
rNeg    . . .      Spirit   .   b - +0 leather armour
rPois   .          Reflect  .   q - +0 helmet
rElec   .          Harm     .   j - +0 cloak
rCorr   .          Rampage  .   i - +2 pair of gloves
Will    +....                   (no boots)
Stlth   +++.......              (no amulet)
HPRegen 0.00/turn               (no ring)
MPRegen 0.10/turn               (no ring)

@: no status effects
A: damage resistance, heal wounds, sense surroundings 1, no regeneration
a: Heal Wounds, Renounce Religion, Potion Petition, Call Merchant, Bribe Branch


You were on level 4 of the Dungeon.
You worshipped Gozag.
Gozag was aware of your devotion.
You visited 1 branch of the dungeon, and saw 4 of its levels.

You collected 311 gold pieces.
You spent 112 gold pieces at shops.
You paid 63 gold pieces to Gozag.

Inventory:

Hand Weapons
 a - a +1 hand crossbow (weapon)
 f - a +2 dagger of venom
 l - a +1 whip of venom
 s - a +2 short sword of freezing
Missiles
 k - 4 poisoned darts
Armour
 b - a +0 leather armour (worn)
 i - a +2 pair of gloves (worn)
 j - a +0 cloak (worn)
 q - a +0 helmet (worn)
Scrolls
 c - a scroll of silence {unknown}
 d - a scroll of enchant armour {unknown}
 e - 3 scrolls of vulnerability {unknown}
 h - a scroll of torment {unknown}
 m - 3 scrolls of identify {unknown}
 p - a scroll of amnesia {unknown}
 r - a scroll of blinking {unknown}
Potions
 g - a potion of curing
 n - 2 potions of degeneration
 o - a potion of brilliance
 t - a potion of invisibility


   Skills:
 - Level 1.7 Fighting
 * Level 8.5 Crossbows
 - Level 2.1 Dodging
 + Level 6.0 Stealth


You had 6 spell levels left.
You didn't know any spells.
Your spell library was empty.

Dungeon Overview and Level Annotations

Branches:
Dungeon (4/15)             Temple (0/1) D:4

Altars:
Gozag

Shops:
D:3 *=   D:4 **

Annotations:
D:3 3 runed translucent doors, Flogoulo's ghost, amateur OpEE


Innate Abilities, Weirdness & Mutations

You are resistant to damage.
You can heal yourself by infusing magical energy.
You passively map a small area around you.
You do not regenerate.


Message History

An ogre comes into view. It is wielding a +0 giant club.
The ogre shouts!
You hear a shout!
Your +2 dagger of venom stops dripping with poison.
a - a +1 hand crossbow (weapon)
An orc comes into view. It is wielding a +0 club.
Shoot: a) +1 hand crossbow
Press: ? - help, Q - select action, (/) - cycle Shift-Dir - straight line, f - ogre
Aim: an ogre, wielding a +0 giant club (77% to hit)
You shoot a bolt. The bolt hits the ogre!
The ogre is moderately wounded.
Unknown command.
Shoot: a) +1 hand crossbow
Press: ? - help, Q - select action, (/) - cycle Shift-Dir - straight line, f/p - ogre
Aim: an ogre, wielding a +0 giant club (moderately wounded, 77% to hit)
You shoot a bolt. The bolt hits the ogre.
The ogre is moderately wounded.
Unknown command.
Shoot: a) +1 hand crossbow
Press: ? - help, Q - select action, (/) - cycle Shift-Dir - straight line, f/p - ogre
Aim: an ogre, wielding a +0 giant club (moderately wounded, 77% to hit)
You shoot a bolt. The bolt hits the ogre!
The ogre is heavily wounded.
The ogre hits you with a +0 giant club!
* * * LOW HITPOINT WARNING * * *
Unknown command.
Shoot: a) +1 hand crossbow
Press: ? - help, Q - select action, (/) - cycle Shift-Dir - straight line, f/p - ogre
Aim: an ogre, wielding a +0 giant club (heavily wounded, 77% to hit)
You shoot a bolt. The bolt barely misses the ogre.
The bolt closely misses the orc.
Unknown command.
Unknown command.
Shoot: a) +1 hand crossbow
Press: ? - help, Q - select action, (/) - cycle Shift-Dir - straight line, f/p - ogre
Aim: an ogre, wielding a +0 giant club (heavily wounded, 77% to hit)
You shoot a bolt. The bolt completely misses the ogre.
The bolt hits the orc.
The orc is heavily wounded.
The ogre hits you with a +0 giant club!
You die...
Your body crumbles into a pile of gold.

.........##...##...........
..............)............
##.....⌠...#############...
* , ...........# #... , $
..#.⌠.>.⌠.# ####
#.......######
,,#...⌠........##### * ,
######.#####......
.'......@O.o.......,, ,,
,.############...... ,
..... , * .... * , ,, ...,
, , , , .. , , . , *


You could see an ogre and an orc.

Vanquished Creatures
  Grinder (D:4)
  Sigmund (D:2)
  A scorpion (D:3)
  2 jellies (D:2)
  3 orc wizards
  Robin (D:3)
  2 adders
  A worm (D:4)
  A dart slug (D:1)
  5 orcs
  11 endoplasms
  3 giant cockroaches
  11 goblins
  7 hobgoblins
  3 jackals (D:1)
  4 quokkas
  3 ball pythons (D:2)
  5 bats
  2 frilled lizards
  15 kobolds
  5 rats
87 creatures vanquished.

Vanquished Creatures (others)
  A fungus (D:2)
  11 toadstools (D:2)
12 creatures vanquished.

Grand Total: 99 creatures vanquished

Notes
Turn   | Place    | Note
-------+----------+-------------------------------------------
     0 | D:1      | tsouns the Deep Dwarf Hunter began the quest for the Orb.
     0 | D:1      | Reached XP level 1. HP: 19/19 MP: 1/1
   150 | D:1      | Reached XP level 2. HP: 26/26 MP: 2/2
   331 | D:1      | Reached skill level 5 in Crossbows
   551 | D:2      | Reached XP level 3. HP: 28/32 MP: 3/3
   577 | D:2      | Noticed Sigmund
   602 | D:2      | Killed Sigmund
   603 | D:2      | Reached skill level 6 in Crossbows
   603 | D:2      | Reached XP level 4. HP: 12/39 MP: 4/4
   603 | D:2      | Reached XP level 5. HP: 14/45 MP: 5/5
   813 | D:2      | Reached skill level 7 in Crossbows
   813 | D:2      | Reached XP level 6. HP: 42/52 MP: 6/6
  1839 | D:3      | Found Cirph's Jewellery Emporium.
  1908 | D:3      | Noticed Robin
  1920 | D:3      | Killed Robin
  1928 | D:3      | Found Gozag's Platinum Reserve.
  1936 | D:3      | Found an opulent altar of Gozag.
  1963 | D:3      | Became a worshipper of Gozag Ym Sagoz the Greedy
  2045 | D:3      | Found a faded altar of an unknown god.
  2085 | D:3      | Found a runed translucent gate.
  2087 | D:3      | Found a runed translucent gate.
  2087 | D:3      | Found a runed translucent gate.
  2089 | D:3      | Noticed Flogoulo's ghost (amateur OpEE)
  2438 | D:3      | HP: 2/52 [scorpion (1)]
  2442 | D:3      | Reached skill level 5 in Stealth
  2672 | D:4      | Noticed Grinder
  2673 | D:4      | Found Emerghaw's General Store.
  2678 | D:4      | Paralysed by Grinder for 6 turns
  2692 | D:4      | Killed Grinder
  2693 | D:4      | Reached skill level 8 in Crossbows
  2693 | D:4      | Reached XP level 7. HP: 14/58 MP: 7/7
  2700 | D:4      | Found Cuzuxza's Specific Store.
  2705 | D:4      | Found a staircase to the Ecumenical Temple.
  2754 | D:4      | Bought a potion of invisibility for 112 gold pieces
  2816 | D:4      | HP: 2/58 [ogre/+0 giant club (8)]
  2818 | D:4      | Mangled by an ogre

Illustrated notes

Levels and vault maps discovered:
D:1:      saegor_arrival_simple_c, layout_basic, patterned_corridor
D:2:      cheibrodos_fertilizer, layout_basic, uniq_sigmund
D:3:      layout_basic, nicolae_gozag_zags_fifth_avenue, basic_ecumenical_altar,
          serial_shops, shop_fountains, ebering_ghost_rock_garden, uniq_robin
D:4:      layout_basic, minmay_overflow_temple_star_hex, temple_fountains,
          nicolae_specific_store, serial_bayou_pond_e, uniq_grinder

Skill      XL: |  1  2  3  4  5  6  7 |
---------------+----------------------+-----
Stealth        | 2 4 5 6 |  6.0
Crossbows      | 5 6 7 8 |  8.5
Fighting       | |  1.7
Dodging        | |  2.1

Action                   |  1- 3 |  4- 6 |  7- 9 || total
-------------------------+-------+-------+-------++-------
Melee: Dagger            |       |       |    14 ||    14
       Whip              |       |       |     9 ||     9
 Fire: Hand crossbow     |    63 |   186 |    34 ||   283
 Abil: Heal Wounds       |       |     2 |       ||     2
  Use: Potion            |       |     6 |       ||     6
Armor: Leather armour    |     8 |    38 |    14 ||    60
Dodge: Dodged            |    11 |    44 |    15 ||    70

Table legend: (Time is in decaauts)
 A = Elapsed time spent in this place.
 B = Non-inter-level travel time spent in this place.
 C = Inter-level travel time spent in this place.
 D = Time resting spent in this place.
 E = Time spent auto-exploring this place.
 F = Levels seen in this place.
 G = Mean time per level.
                   A        B        C        D        E       F      G
               +--------+--------+--------+--------+--------+-----+--------+
         Total |   2871 |   2695 |    176 |     38 |   1960 |   4 |  717.8 |
       Dungeon |   2871 |   2695 |    176 |     38 |   1960 |   4 |  717.8 |
               +--------+--------+--------+--------+--------+-----+--------+

Top non-repeatable levels by time:
     D:3: 1208 daAuts
     D:2: 889 daAuts
     D:1: 530 daAuts
     D:4: 244 daAuts
